[Event "Titled Tuesday Blitz March 01 Early 2022"]
[White "Abdrlauf, Elham"]
[Black "Shuvalov, Evgenij"]
[WhiteFideId "1533533"]
[BlackFideId "4187237"]
[WhiteElo "2334"]
[BlackElo "2119"]
[Result "1-0"]
[Round "01"]
[TimeControl "180+1"]
[Date "2022.03.01"]
[WhiteClock "0:00:04"]
[BlackClock "0:00:01"]

1. e4 e6 2. d4 d5 3. Nc3 Bb4 4. Bd3 c5 5. Nf3 cxd4 6. Nxd4 e5 7. Nf3 dxe4 8. Bb5+ Bd7 9. Nxe5 Bxb5 10. Qxd8+ Kxd8 11. Nxf7+ Ke7 12. Nxh8 Nf6 13. Bd2 Bc6 14. O-O-O Nbd7 15. Nxe4 Bxd2+ 16. Nxd2 Rxh8 17. Rhe1+ Kf7 18. f3 h5 19. Nc4 h4 20. Rd3 h3 21. g3 Rh5 22. Rde3 Rc5 23. b3 Kg6 24. Kb2 b5 25. Nd2 Rd5 26. Ne4 Nxe4 27. Rxe4 Nf6 28. Re6 Bd7 29. R6e2 a5 30. a3 a4 31. Re5 Rd2 32. R1e2 Rd6 33. g4 axb3 34. cxb3 Rd4 35. g5 Nh5 36. Kc3 Rd6 37. Rd2 Rxd2 38. Kxd2 Nf4 39. Ke3 Ne6 40. f4 Kf7 41. Rd5 Ke7 42. Re5 g6 43. f5 gxf5 44. Rxf5 Ng7 45. Rf6 Ne6 46. Rf5 Ng7 47. Re5+ Kf7 48. Kf4 Kg6 49. Rd5 Be6 50. Rxb5 Nh5+ 51. Ke5 Bg4 52. a4 Kxg5 53. a5 Kh4 54. a6 Ng3 55. Rb4 Nf1 56. Rxg4+ Kxg4 57. a7 Nxh2 58. a8=Q Nf3+ 59. Ke4 h2 60. Qh8 Nh4 61. Qg7+ Kh3 62. Kf4 1-0


[Site "https://www.chess.com"]

[Event "Titled Tuesday Blitz March 01 Early 2022"]
[White "Agibileg, Uurtsaikh"]
[Black "Prieto Aranguren, Alain"]
[WhiteFideId "4901606"]
[BlackFideId "2268906"]
[WhiteElo "2205"]
[BlackElo "2235"]
[Result "1-0"]
[Round "01"]
[TimeControl "180+1"]
[Date "2022.03.01"]
[WhiteClock "0:01:18"]
[BlackClock "0:01:03"]

1. d4 Nf6 2. c4 g6 3. Nc3 Bg7 4. e4 O-O 5. Be2 d6 6. Nf3 e5 7. O-O Nc6 8. d5 Ne7 9. Nd2 Nd7 10. b4 a5 11. bxa5 Rxa5 12. Nb3 Ra8 13. Be3 b6 14. a4 Re8 15. a5 bxa5 16. Nxa5 Rb8 17. Qc2 f5 18. f3 f4 19. Bf2 g5 20. Rfb1 Rxb1+ 21. Qxb1 Nf6 22. Qb8 g4 23. Nb5 g3 24. hxg3 fxg3 25. Bxg3 Nh5 26. Bh4 Nf4 27. Bf1 Rf8 28. Qxc7 Qxc7 29. Nxc7 Neg6 30. Bf2 h5 31. Nb5 Rf6 32. Nc6 h4 33. Ra8 Rf8 34. Nxd6 1-0


[Site "https://www.chess.com"]

[Event "Titled Tuesday Blitz March 01 Early 2022"]
[White "Ahmadzada, Ahmad"]
[Black "Szalay, Karoly"]
[WhiteFideId "13413007"]
[BlackFideId "2600544"]
[WhiteElo "2228"]
[BlackElo "2469"]
[Result "1-0"]
[Round "01"]
[TimeControl "180+1"]
[Date "2022.03.01"]
[WhiteClock "0:00:09"]
[BlackClock "0:00:55"]

1. Nf3 d5 2. c4 e6 3. g3 Nf6 4. Bg2 c6 5. Qc2 Be7 6. O-O O-O 7. d4 b6 8. Nbd2 Ba6 9. b3 Nbd7 10. Bb2 Rc8 11. e4 dxe4 12. Nxe4 c5 13. Rad1 Qc7 14. Nc3 Rfd8 15. Rfe1 Bb7 16. d5 Nf8 17. Nb5 Qb8 18. Be5 Qa8 19. Nc7 Rxc7 20. Bxc7 Rd7 21. Be5 exd5 22. Bxf6 Bxf6 23. cxd5 Bxd5 24. Nh4 Bxg2 25. Nxg2 Rxd1 26. Qxd1 Ne6 27. Qd7 h5 28. Nf4 Qf3 29. Nxe6 fxe6 30. Qxe6+ Kh8 31. Qe8+ Kh7 32. Qe4+ Qxe4 33. Rxe4 Bd4 34. Kg2 Kg6 35. f4 Kf5 36. Kf3 g5 37. fxg5 Kxg5 38. a4 Kf5 39. h3 a6 40. g4+ hxg4+ 41. hxg4+ Kf6 42. Kf4 b5 43. g5+ Kf7 44. Kf5 bxa4 45. bxa4 a5 46. g6+ Kf8 47. Rh4 Kg8 48. Ke6 Kg7 49. Rg4 Be3 50. Kd5 Bd4 51. Kc6 Bf2 52. Kb5 c4 53. Kxc4 Be1 54. Kb5 Bb4 55. Rxb4 axb4 56. Kxb4 1-0


[Site "https://www.chess.com"]

[Event "Titled Tuesday Blitz March 01 Early 2022"]
[White "Alfaro, William"]
[Black "Tsvetkov, Andrey"]
[WhiteFideId "6100457"]
[BlackFideId "34139360"]
[WhiteElo "2066"]
[BlackElo "2280"]
[Result "0-1"]
[Round "01"]
[TimeControl "180+1"]
[Date "2022.03.01"]
[WhiteClock "0:01:34"]
[BlackClock "0:01:41"]

1. e4 c5 2. Nf3 d6 3. d4 cxd4 4. Nxd4 Nf6 5. Nc3 a6 6. Bg5 Nbd7 7. Qf3 g6 8. O-O-O Bg7 9. Be2 O-O 10. h4 h5 11. Qe3 Ne5 12. f3 b5 13. Bxf6 Bxf6 14. Nd5 Bg7 15. Kb1 Bb7 16. Nb3 Bxd5 17. Rxd5 Nc4 18. Bxc4 bxc4 19. Nd2 e6 20. Nxc4 exd5 21. exd5 Rb8 22. b3 Qf6 23. c3 Rfc8 24. Kc2 Qf5+ 25. Qd3 Qxd3+ 26. Kxd3 Rb5 27. Ke4 Re8+ 28. Kd3 Rxd5+ 29. Kc2 Re2+ 30. Kb1 Bxc3 31. Rc1 Bg7 0-1


[Site "https://www.chess.com"]

[Event "Titled Tuesday Blitz March 01 Early 2022"]
[White "Ankerst, Mihael"]
[Black "Weetik, Vjacheslav"]
[WhiteFideId "14602369"]
[BlackFideId "4153472"]
[WhiteElo "2358"]
[BlackElo "2469"]
[Result "0-1"]
[Round "01"]
[TimeControl "180+1"]
[Date "2022.03.01"]
[WhiteClock "0:00:01"]
[BlackClock "0:00:06"]

1. e4 c6 2. d4 d5 3. Nc3 dxe4 4. Nxe4 Nf6 5. Nxf6+ exf6 6. Ne2 Bd6 7. Ng3 O-O 8. Be2 Re8 9. O-O g6 10. c4 Nd7 11. b3 f5 12. Bf3 Nf8 13. Bb2 h5 14. Re1 Rxe1+ 15. Qxe1 Nh7 16. d5 c5 17. Qc3 f6 18. Re1 Bd7 19. Re2 h4 20. Nf1 Qf8 21. Qa5 Ng5 22. Nd2 h3 23. g3 Re8 24. Kf1 f4 25. Qc3 Be5 26. Qc2 Nxf3 27. Nxf3 Bf5 28. Qd2 Bg4 29. Bxe5 Bxf3 30. Re1 Rxe5 31. gxf4 Rxe1+ 32. Qxe1 Bg2+ 33. Kg1 Kg7 34. Qe6 Qf7 35. Qe3 f5 36. Qe5+ Qf6 37. Qe1 Kf7 38. a3 b6 39. b4 Qd4 40. Qe6+ Kg7 41. Qe7+ Kh6 42. Qh4+ Kg7 43. Qe7+ Kg8 44. Qe8+ Kh7 45. Qe7+ Qg7 46. Qh4+ Kg8 47. Qd8+ Qf8 48. Qd7 Bf3 49. Kf1 Qf6 50. Qe8+ Kg7 51. Qe1 Kh6 52. bxc5 bxc5 53. Qc1 Qd4 54. Kg1 Qd1+ 0-1


[Site "https://www.chess.com"]

[Event "Titled Tuesday Blitz March 01 Early 2022"]
[White "Araujo Filho, Luiz Antonio Coel"]
[Black "Martin Duque, Jesus"]
[WhiteFideId "2130661"]
[BlackFideId "2208954"]
[WhiteElo "2155"]
[BlackElo "2243"]
[Result "0-1"]
[Round "01"]
[TimeControl "180+1"]
[Date "2022.03.01"]
[WhiteClock "0:00:07"]
[BlackClock "0:01:06"]

1. d4 Nf6 2. Nf3 b6 3. e3 Bb7 4. Bd3 e6 5. Nbd2 d5 6. Qe2 g6 7. O-O Bg7 8. c3 Nbd7 9. e4 dxe4 10. Nxe4 O-O 11. Re1 Re8 12. Bg5 h6 13. Bh4 Qc8 14. Nxf6+ Nxf6 15. Ne5 Nd5 16. Qg4 g5 17. Bg3 f5 18. Qh5 Re7 19. f3 a6 20. h4 Qe8 21. Qxe8+ Raxe8 22. hxg5 hxg5 23. Rad1 Rd8 24. Bc4 b5 25. Bb3 f4 26. Bf2 Ree8 27. Ng4 a5 28. a3 Rd6 29. Re2 a4 30. Ba2 Nb6 31. Rde1 Bd5 32. Bxd5 Nxd5 33. Ne5 c6 34. Nd3 Kf7 35. Nc5 Nb6 36. Kf1 Nc4 37. Kg1 Bf8 38. Nd3 Rd5 39. Kf1 Bd6 40. Kg1 Rf5 41. Ne5+ Bxe5 42. dxe5 Rd8 43. Bd4 Rd5 44. Kf2 c5 45. Bxc5 Rxc5 46. Rd1 Rd5 47. Rxd5 exd5 48. e6+ Ke7 0-1


[Site "https://www.chess.com"]

[Event "Titled Tuesday Blitz March 01 Early 2022"]
[White "Astasio Lopez, David"]
[Black "Caruana, Fabiano"]
[WhiteFideId "2230208"]
[BlackFideId "2020009"]
[WhiteElo "2355"]
[BlackElo "2744"]
[Result "1/2-1/2"]
[Round "01"]
[TimeControl "180+1"]
[Date "2022.03.01"]
[WhiteClock "0:00:14"]
[BlackClock "0:00:05"]

1. d4 d5 2. Nf3 Nf6 3. Nbd2 Bf5 4. c3 e6 5. Qb3 Qc8 6. Nh4 Bg6 7. g3 Nbd7 8. Bg2 c5 9. O-O Be7 10. Re1 O-O 11. Nxg6 hxg6 12. e4 cxd4 13. cxd4 dxe4 14. Nxe4 Nd5 15. Bg5 Bxg5 16. Nxg5 N7f6 17. Rac1 Qd7 18. Nf3 Rac8 19. Ne5 Qe7 20. h3 Rc7 21. Rxc7 Qxc7 22. Nd3 Rc8 23. Rc1 Qd7 24. Rc5 b6 25. Rc2 g5 26. a3 g6 27. Ne5 Qb7 28. Rxc8+ Qxc8 29. Qc4 Qxc4 30. Nxc4 Kf8 31. Nd6 a5 32. Nc4 Ke7 33. Kf1 Nd7 34. Ke2 f6 35. Kd3 a4 36. Bf3 b5 37. Ne3 N7b6 38. Bxd5 exd5 39. Kc3 Kd6 40. Ng4 Nd7 41. Kb4 f5 42. Ne3 Kc6 43. Nd1 Nb6 44. Nc3 Nc4 45. Nxb5 Nxb2 46. f3 Nd3+ 47. Kxa4 Ne1 48. Na7+ Kb7 49. Nb5 Nxf3 50. Kb4 f4 51. gxf4 gxf4 52. Kc3 Ng5 53. h4 Nf3 54. Nd6+ Kc6 55. Nf7 Nxh4 56. a4 Kb6 57. Ne5 g5 58. Kd3 Ka5 59. Nc6+ Kxa4 60. Ne7 Kb5 61. Nxd5 Kc6 62. Nf6 Nf5 63. d5+ Kb5 64. Ke4 Nd6+ 65. Kf3 Kc4 66. Nh7 Nf7 67. d6 Nxd6 68. Nxg5 Kd5 69. Nh3 Ke5 70. Nxf4 1/2-1/2


[Site "https://www.chess.com"]

[Event "Titled Tuesday Blitz March 01 Early 2022"]
[White "Aydin, Gulenay"]
[Black "Siva Mahadevan"]
[WhiteFideId "34557431"]
[BlackFideId "25043153"]
[WhiteElo "1429"]
[BlackElo "2203"]
[Result "1/2-1/2"]
[Round "01"]
[TimeControl "180+1"]
[Date "2022.03.01"]
[WhiteClock "0:00:18"]
[BlackClock "0:00:13"]

1. e4 c5 2. Nf3 Nc6 3. Bb5 Na5 4. Be2 a6 5. O-O b5 6. Re1 Bb7 7. Bf1 e6 8. c3 Nf6 9. e5 Nd5 10. d4 cxd4 11. cxd4 Rc8 12. Nbd2 h6 13. Ne4 Be7 14. Bd2 Nc4 15. b3 Nxd2 16. Nexd2 O-O 17. Ne4 f5 18. exf6 Nxf6 19. Nxf6+ Rxf6 20. Ne5 Bd5 21. Bd3 d6 22. Ng4 Rf4 23. Ne3 Bb7 24. g3 Rf3 25. d5 Qf8 26. Be4 Rxf2 27. Qg4 exd5 28. Rf1 Bg5 29. Nxd5 Rxf1+ 30. Rxf1 Rc1 31. Qe6+ Kh8 32. Rxc1 Bxc1 33. Qg6 Kg8 34. Qe6+ Kh8 35. Qg6 Qg8 36. Ne7 Bxe4 37. Qxe4 Qf7 38. Ng6+ Kg8 39. Qa8+ Kh7 40. Nf8+ Kg8 41. Ng6+ Kh7 42. Nf8+ Kg8 43. Ng6+ 1/2-1/2


[Site "https://www.chess.com"]

[Event "Titled Tuesday Blitz March 01 Early 2022"]
[White "Balaji, Aaravamudhan"]
[Black "Maung, Maung Kyaw Zaw Hein"]
[WhiteFideId "436224"]
[BlackFideId "13001698"]
[WhiteElo "2085"]
[BlackElo "1785"]
[Result "0-1"]
[Round "01"]
[TimeControl "180+1"]
[Date "2022.03.01"]
[WhiteClock "0:00:11"]
[BlackClock "0:00:19"]

1. Nf3 d5 2. g3 Nf6 3. Bg2 Bf5 4. O-O Nbd7 5. d3 c6 6. c4 e6 7. Qb3 Qb6 8. Be3 Qxb3 9. axb3 a6 10. Nc3 Bd6 11. Rfc1 O-O 12. cxd5 exd5 13. Na4 Rfe8 14. Kf1 h6 15. Nb6 Nxb6 16. Bxb6 Re7 17. Bc5 Bxc5 18. Rxc5 Nd7 19. Rca5 Rae8 20. Nd4 Bg6 21. Bf3 Ne5 22. Rd1 Nxf3 23. exf3 Rc7 24. Rc5 f6 25. f4 Rce7 26. Rcc1 Bh5 27. Re1 Rxe1+ 28. Rxe1 Rxe1+ 29. Kxe1 Bg4 30. Kd2 Kf7 31. Kc3 c5 32. Nc2 d4+ 33. Kc4 b6 34. Kd5 Be6+ 35. Kc6 Bxb3 36. Ne1 c4 37. dxc4 Bxc4 38. Kxb6 d3 39. Nf3 Ke6 40. Kc5 Bd5 41. f5+ Kxf5 42. Kxd5 Kg4 43. Ke4 f5+ 44. Ke3 g5 45. Ne5+ Kh3 46. Nxd3 Kxh2 47. b4 h5 48. Kf3 h4 49. gxh4 gxh4 50. Nf4 Kg1 51. Ke3 Kf1 52. Kf3 Kg1 53. Nh3+ Kh2 54. Ng5 Kg1 55. Ke3 Kg2 56. Ke2 f4 57. Ke1 h3 58. Nxh3 Kxh3 59. Ke2 Kg2 60. Kd3 Kxf2 61. Ke4 Kg3 62. Kd5 f3 63. Kc6 f2 64. Kb6 f1=Q 65. Ka7 Qb5 66. Ka8 Kf4 67. Ka7 Ke5 68. Ka8 Kd6 0-1


[Site "https://www.chess.com"]

[Event "Titled Tuesday Blitz March 01 Early 2022"]
[White "Beerdsen, Thomas"]
[Black "Manelyuk, Daniil"]
[WhiteFideId "1030108"]
[BlackFideId "44173920"]
[WhiteElo "2585"]
[BlackElo "2222"]
[Result "1-0"]
[Round "01"]
[TimeControl "180+1"]
[Date "2022.03.01"]
[WhiteClock "0:01:00"]
[BlackClock "0:00:04"]

1. e4 e6 2. d4 d5 3. Nc3 Bb4 4. e5 c5 5. a3 Bxc3+ 6. bxc3 Ne7 7. Qg4 Qc7 8. Qxg7 Rg8 9. Qxh7 cxd4 10. Qd3 Nbc6 11. cxd4 Nxe5 12. Qd2 Nc4 13. Qc3 Bd7 14. Nf3 Rc8 15. h4 Qb6 16. Qb4 Qxb4+ 17. axb4 a6 18. Bg5 Nd6 19. Bd3 Ne4 20. Bxe4 dxe4 21. Nd2 f5 22. Kd1 Kf7 23. f3 Nd5 24. fxe4 Nc3+ 25. Kc1 fxe4 26. Rf1+ Kg7 27. Kb2 Na4+ 28. Kc1 Bb5 29. Re1 Nc3 30. Ra3 Nd5 31. Nxe4 Nxb4 32. Rc3 Rxc3 33. Nxc3 Rc8 34. Kd2 Rc4 35. Nxb5 axb5 36. c3 Nd5 37. Rxe6 Nxc3 38. h5 Nd5 39. Kd3 Rc3+ 40. Ke4 Nc7 41. Re7+ Kg8 42. h6 Rc6 43. h7+ Kh8 44. Bf4 Re6+ 45. Be5+ Rxe5+ 46. Kxe5 Na6 47. Kf6 b4 48. Kg6 Nc7 49. Rxc7 b3 50. Rc8# 1-0


[Site "https://www.chess.com"]

[Event "Titled Tuesday Blitz March 01 Early 2022"]
[White "Bilych, Olexiy"]
[Black "Politov, Pavel Y."]
[WhiteFideId "14156504"]
[BlackFideId "24110515"]
[WhiteElo "2195"]
[BlackElo "2090"]
[Result "1/2-1/2"]
[Round "01"]
[TimeControl "180+1"]
[Date "2022.03.01"]
[WhiteClock "0:00:10"]
[BlackClock "0:00:05"]

1. e4 c5 2. Nf3 d6 3. d4 cxd4 4. Nxd4 Nf6 5. Nc3 a6 6. Bg5 e6 7. f4 h6 8. Bh4 Qb6 9. a3 Nc6 10. Bf2 Qc7 11. Qf3 e5 12. Nxc6 bxc6 13. fxe5 Ng4 14. Bg3 Nxe5 15. Bxe5 dxe5 16. Bc4 Bc5 17. O-O-O O-O 18. g4 Qe7 19. h4 Be6 20. Bb3 Bxb3 21. cxb3 Bd4 22. Kb1 Rab8 23. Ne2 Qe6 24. Nxd4 exd4 25. b4 a5 26. Rxd4 axb4 27. axb4 Rb5 28. Rc1 Rfb8 29. g5 hxg5 30. hxg5 Rxb4 31. Rxb4 Rxb4 32. Re1 Qe5 33. Qg2 Qc3 34. Rd1 Qe5 35. g6 fxg6 36. Rd8+ Kh7 37. Qh3+ Qh5 38. Qc3 Qh1+ 39. Ka2 Ra4+ 40. Kb3 Qxe4 41. Rd7 Qe6+ 42. Kxa4 Qxd7 43. Ka5 g5 44. Qg3 g4 45. Kb6 g5 46. Qe5 Kg6 47. b4 Qd5 48. Qe8+ Kf5 49. Qf8+ Ke4 50. Qe7+ Kf3 51. Qf6+ Kg2 52. Qb2+ Kh3 53. Qh8+ Kg2 54. Qb2+ Kh1 55. Qh8+ Kg1 56. Qa1+ Kf2 57. Qb2+ Kg3 58. Qc3+ Qf3 59. Qxc6 Qxc6+ 60. Kxc6 Kf2 61. b5 g3 62. b6 g2 63. b7 g1=Q 64. b8=Q Qc1+ 65. Kd5 g4 66. Qa7+ Kg2 67. Ke4 g3 68. Qa8 Qe1+ 69. Kf4+ Kh2 70. Qh8+ Kg2 71. Qa8+ Kf1 72. Qh1+ Ke2 73. Qxe1+ Kxe1 74. Kxg3 1/2-1/2


[Site "https://www.chess.com"]

[Event "Titled Tuesday Blitz March 01 Early 2022"]
[White "Bogumil, Tatiana"]
[Black "Omelja, Artem"]
[WhiteFideId "4110579"]
[BlackFideId "14119846"]
[WhiteElo "1862"]
[BlackElo "2418"]
[Result "0-1"]
[Round "01"]
[TimeControl "180+1"]
[Date "2022.03.01"]
[WhiteClock "0:00:01"]
[BlackClock "0:00:37"]

1. Nf3 d5 2. c4 c6 3. b3 Nf6 4. Bb2 Bf5 5. g3 e6 6. Bg2 Be7 7. O-O O-O 8. d3 Nbd7 9. Nbd2 h6 10. a3 Qc7 11. b4 a5 12. Qb3 Rfd8 13. Rfe1 Bh7 14. e4 dxe4 15. dxe4 Qb6 16. c5 Qc7 17. Rac1 axb4 18. axb4 b6 19. cxb6 Qxb6 20. Bd4 Qxb4 21. Qxb4 Bxb4 22. Rxc6 Ra2 23. Rd1 e5 24. Be3 Nf8 25. Kf1 Nxe4 0-1


[Site "https://www.chess.com"]

[Event "Titled Tuesday Blitz March 01 Early 2022"]
[White "Bongo Akanga Ndjila, Barthelemy"]
[Black "Zavgorodniy, Sergiy"]
[WhiteFideId "10609431"]
[BlackFideId "14110148"]
[WhiteElo "1803"]
[BlackElo "2420"]
[Result "0-1"]
[Round "01"]
[TimeControl "180+1"]
[Date "2022.03.01"]
[WhiteClock "0:00:01"]
[BlackClock "0:00:23"]

1. d4 Nf6 2. c4 e6 3. Nc3 Bb4 4. f3 c5 5. d5 b5 6. e4 bxc4 7. Bxc4 O-O 8. Ne2 e5 9. O-O d6 10. a3 Bxc3 11. Nxc3 Ba6 12. Qe2 Bxc4 13. Qxc4 h6 14. b4 cxb4 15. axb4 Nbd7 16. Be3 Qb8 17. Nb5 a6 18. Nc3 Rc8 19. Qb3 Qb7 20. Rfb1 Nh5 21. Na4 g5 22. b5 axb5 23. Qxb5 Qxb5 24. Rxb5 Rc4 25. Rb7 Nc5 26. Bxc5 dxc5 27. d6 Nf6 28. d7 Nxd7 29. Rxd7 Rcxa4 30. Rxa4 Rxa4 31. Rc7 Rc4 32. Kf2 Kg7 33. Kg3 Rc2 34. Kh3 h5 35. g3 c4 36. f4 exf4 37. gxf4 g4+ 38. Kg3 Kg6 39. Rc5 Rc3+ 40. Kg2 f6 41. Rc6 Kf7 42. f5 h4 43. Rc7+ Kg8 44. e5 Rc2+ 45. Kf1 fxe5 46. f6 Kf8 47. Rg7 g3 48. hxg3 h3 49. Rh7 h2 50. g4 c3 51. g5 Rc1+ 0-1


[Site "https://www.chess.com"]

[Event "Titled Tuesday Blitz March 01 Early 2022"]
[White "Bortnyk, Olexandr"]
[Black "Karas, Marek"]
[WhiteFideId "14120828"]
[BlackFideId "14928558"]
[WhiteElo "2723"]
[BlackElo "2270"]
[Result "0-1"]
[Round "01"]
[TimeControl "180+1"]
[Date "2022.03.01"]
[WhiteClock "0:00:02"]
[BlackClock "0:00:11"]

1. d4 Nf6 2. Nc3 e6 3. e4 d5 4. Bg5 Be7 5. e5 Nfd7 6. Bxe7 Qxe7 7. f4 O-O 8. Nf3 c5 9. Qd2 Nc6 10. Qf2 b6 11. Bd3 f6 12. Qh4 h6 13. O-O-O cxd4 14. Nb5 fxe5 15. Qxe7 Nxe7 16. fxe5 Nc5 17. Nfxd4 Bd7 18. Nd6 Rf2 19. Rhg1 Nxd3+ 20. Rxd3 Ng6 21. Re3 Raf8 22. b3 Nf4 23. Rg3 Kh7 24. h4 Nh5 25. Rc3 R8f4 26. Nf3 Ng3 27. Ng5+ hxg5 28. Rxg3 gxh4 29. Rc3 Rf8 30. Rc7 Be8 31. Rh1 Rf1+ 32. Rxf1 Rxf1+ 33. Kd2 Bh5 34. Ke3 Re1+ 35. Kf4 Re2 36. Kg5 Bg6 37. Kxh4 Rxg2 38. c4 Be4 39. cxd5 Bxd5 40. Ne8 Kg6 41. Rxg7+ Kf5 42. Rxa7 Kxe5 43. Rg7 Rxa2 44. Rg5+ Kd4 45. Rg4+ Kc5 46. b4+ Kc6 47. Nf6 Rb2 48. Kg5 Kb5 49. Rg1 Rxb4 50. Rd1 Bc4 51. Ne8 Bd5 52. Re1 Kc6 53. Kf6 Rf4+ 54. Ke5 Rc4 55. Nf6 b5 56. Ra1 Kc5 57. Ra7 Kb4 58. Ra1 Kc3 59. Rc1+ Kd2 60. Rb1 b4 61. Nxd5 exd5 62. Kxd5 Rh4 63. Kc5 Kc3 64. Rc1+ Kb3 65. Rb1+ Ka3 66. Ra1+ Kb2 67. Ra4 Kc3 68. Kb5 Rh5+ 69. Kc6 b3 70. Ra3 Kb4 71. Ra8 b2 72. Rb8+ Kc3 0-1


[Site "https://www.chess.com"]

[Event "Titled Tuesday Blitz March 01 Early 2022"]
[White "Boruchovsky, Avital"]
[Black "Aplommb"]
[WhiteFideId "2800055"]
[WhiteElo "2469"]
[BlackElo "2407"]
[Result "1-0"]
[Round "01"]
[TimeControl "180+1"]
[Date "2022.03.01"]
[WhiteClock "0:00:13"]
[BlackClock "0:00:29"]

1. e4 c5 2. c3 Nf6 3. e5 Nd5 4. d4 cxd4 5. cxd4 d6 6. Nf3 Nc6 7. Bc4 Be6 8. Qb3 dxe5 9. Qxb7 Ndb4 10. Bxe6 fxe6 11. Qb5 e4 12. Ne5 Nc2+ 13. Kf1 Nxd4 14. Qa4 Qd5 15. Nxc6 Qxc6 16. Qxc6+ Nxc6 17. Nc3 g6 18. Nxe4 Bg7 19. Rb1 Rb8 20. g3 O-O 21. Kg2 Rb4 22. Nc5 Bd4 23. Nxe6 Rxf2+ 24. Kh3 Bb6 25. Bf4 Rbxb2 26. Rxb2 Rxb2 27. Rc1 Nd4 28. Rc8+ Kf7 29. Ng5+ Kf6 30. Nxh7+ Kf5 31. Rf8+ Ke4 32. Ng5+ Kd5 33. a4 e5 34. Be3 Ra2 35. Rg8 Rxa4 36. Rxg6 Rb4 37. Nf7 a5 38. Rd6+ Ke4 39. Bd2 Rb2 40. Ng5+ Kf5 41. g4# 1-0


[Site "https://www.chess.com"]

[Event "Titled Tuesday Blitz March 01 Early 2022"]
[White "Brunner, Nicolas"]
[Black "Babazada, Khazar"]
[WhiteFideId "620246"]
[BlackFideId "13413554"]
[WhiteElo "2372"]
[BlackElo "2418"]
[Result "1/2-1/2"]
[Round "01"]
[TimeControl "180+1"]
[Date "2022.03.01"]
[WhiteClock "0:00:12"]
[BlackClock "0:00:09"]

1. d4 Nf6 2. c4 e6 3. g3 Bb4+ 4. Bd2 a5 5. Bg2 O-O 6. e4 d6 7. Ne2 e5 8. O-O Nc6 9. d5 Ne7 10. f4 Bc5+ 11. Kh1 exf4 12. gxf4 Ng4 13. Qe1 Ng6 14. Qg3 Qh4 15. h3 Qxg3 16. Nxg3 Ne3 17. Bxe3 Bxe3 18. Nh5 Nh4 19. Nc3 g6 20. Nf6+ Kg7 21. Ng4 Bxg4 22. hxg4 h5 23. g5 Nxg2 24. Kxg2 Rfe8 25. Rae1 Bd2 26. Re2 Bxc3 27. bxc3 a4 28. Kf3 Ra5 29. Ke3 Rc5 30. Kd4 Rb8 31. e5 b5 32. cxb5 Rbxb5 33. c4 Rb4 34. Rc1 a3 35. exd6 cxd6 36. Re7 Rb2 37. Rd7 Rd2+ 38. Kc3 Rdxd5 39. Kb4 Rd2 40. Rxd6 Rxc4+ 41. Rxc4 Rxd6 42. Kxa3 h4 43. Kb4 h3 44. Rc3 h2 45. Rh3 Rd4+ 46. Kb5 Rxf4 47. Rxh2 Rf5+ 48. Kb6 Rxg5 49. a4 f5 50. a5 Rg3 51. Ra2 Rb3+ 52. Kc7 f4 53. a6 Rc3+ 54. Kb7 Rb3+ 55. Kc7 Rc3+ 56. Kb7 Rb3+ 57. Kc7 1/2-1/2


[Site "https://www.chess.com"]

[Event "Titled Tuesday Blitz March 01 Early 2022"]
[White "Budrewicz, Krzysztof"]
[Black "Ferguson, Randal"]
[WhiteFideId "1127950"]
[BlackFideId "30903106"]
[WhiteElo "2248"]
[BlackElo "2076"]
[Result "1-0"]
[Round "01"]
[TimeControl "180+1"]
[Date "2022.03.01"]
[WhiteClock "0:01:49"]
[BlackClock "0:00:11"]

1. d4 Nf6 2. c4 g6 3. Nc3 d5 4. Nf3 Bg7 5. Qb3 dxc4 6. Qxc4 O-O 7. e4 Nc6 8. d5 Na5 9. Qa4 c6 10. Bd2 cxd5 11. exd5 Bd7 12. Qa3 Rc8 13. Be2 e6 14. dxe6 Bxe6 15. O-O Nc4 16. Bxc4 Bxc4 17. Rfd1 a6 18. Be3 Qc7 19. Rac1 Ng4 20. Nd5 Qb8 21. Ne7+ Kh8 22. Nxc8 Rxc8 23. Bg5 b5 24. b3 Be6 25. Rxc8+ Qxc8 26. Rd8+ Qxd8 27. Bxd8 1-0


[Site "https://www.chess.com"]

[Event "Titled Tuesday Blitz March 01 Early 2022"]
[White "Buker, Muhittin"]
[Black "Agasarov, Benik"]
[WhiteFideId "6301770"]
[BlackFideId "13314823"]
[WhiteElo "1917"]
[BlackElo "2582"]
[Result "0-1"]
[Round "01"]
[TimeControl "180+1"]
[Date "2022.03.01"]
[WhiteClock "0:01:37"]
[BlackClock "0:00:56"]

1. d4 Nf6 2. c4 e6 3. Nc3 d5 4. Nf3 dxc4 5. a4 Bb4 6. e3 O-O 7. Bxc4 c5 8. Bd2 Nc6 9. O-O cxd4 10. exd4 Nxd4 11. Nxd4 Qxd4 12. Qe2 Qg4 13. Qxg4 Nxg4 14. Bf4 Bxc3 15. bxc3 Bd7 16. h3 Nf6 17. Rfc1 Bc6 18. f3 Rac8 19. Be2 Nd5 20. Bd2 Rfd8 21. Kf2 Nb6 22. a5 Rxd2 23. axb6 Bb5 24. Re1 axb6 25. Rab1 Bxe2 26. Rxe2 Rxe2+ 27. Kxe2 Rxc3 28. Rxb6 Rc2+ 29. Kf1 Rc7 30. Ke2 h5 31. h4 g6 32. Ke3 Kg7 33. g3 Kf6 34. Ke4 Rd7 35. Kf4 Rc7 36. Ke4 Ke7 37. Ke5 f6+ 38. Ke4 Kd7 39. Kd4 Ke7 40. Ke4 e5 41. Kd5 Rd7+ 42. Ke4 Kf7 43. f4 exf4 44. Kxf4 Re7 45. Kf3 Rc7 46. Kf4 Kg7 47. Kf3 g5 48. hxg5 fxg5 49. Ke4 Rf7 50. Ke5 Kh7 51. Ke4 g4 52. Ke5 Rf3 53. Rxb7+ Kh6 54. Rb8 Rxg3 55. Rh8+ Kg5 0-1


[Site "https://www.chess.com"]

[Event "Titled Tuesday Blitz March 01 Early 2022"]
[White "Butti, Enrique"]
[Black "Bethke, Richard"]
[WhiteFideId "3700470"]
[BlackFideId "12959243"]
[WhiteElo "2080"]
[BlackElo "2522"]
[Result "0-1"]
[Round "01"]
[TimeControl "180+1"]
[Date "2022.03.01"]
[WhiteClock "0:01:59"]
[BlackClock "0:02:07"]

1. d4 Nf6 2. Nf3 d5 3. c4 e6 4. e3 Be7 5. Nc3 O-O 6. b3 b6 7. Bd3 Bb7 8. O-O Nbd7 9. Bb2 c5 10. Qe2 Rc8 11. Rad1 Qc7 12. Ne5 Rfd8 13. f4 Qb8 14. cxd5 exd5 15. Rf3 Nf8 16. f5 Ne4 17. Rh3 cxd4 0-1


[Site "https://www.chess.com"]

[Event "Titled Tuesday Blitz March 01 Early 2022"]
[White "Carlsson, Ludvig"]
[Black "Samaganova, Aleksandra"]
[WhiteFideId "1727010"]
[BlackFideId "13800221"]
[WhiteElo "2178"]
[BlackElo "1859"]
[Result "1-0"]
[Round "01"]
[TimeControl "180+1"]
[Date "2022.03.01"]
[WhiteClock "0:00:11"]
[BlackClock "0:00:09"]

1. e4 c5 2. Nf3 e6 3. d4 cxd4 4. Nxd4 a6 5. Bd3 Qc7 6. O-O Nf6 7. c4 Nc6 8. Nxc6 bxc6 9. Nc3 Be7 10. Be3 O-O 11. Kh1 d5 12. cxd5 cxd5 13. exd5 Nxd5 14. Nxd5 exd5 15. Qh5 g6 16. Qxd5 Bb7 17. Qc4 Qe5 18. Rad1 Rac8 19. Qd4 Qxd4 20. Bxd4 Rfd8 21. Bc3 h6 22. Kg1 Rd7 23. Bc2 Rcd8 24. Rxd7 Rxd7 25. Re1 Bc6 26. h3 Rb7 27. Rd1 Kf8 28. Bd3 Bb5 29. Be4 Rc7 30. g3 Bc6 31. Bxc6 Rxc6 32. h4 h5 33. Rd5 Ke8 34. Kg2 Bd6 35. f3 Ke7 36. g4 hxg4 37. fxg4 Ke6 38. Rd3 Rc4 39. Re3+ Kd7 40. Kh3 Rf4 41. Rd3 Ke6 42. Be1 Rf1 43. Bg3 Be7 44. Rd2 Rb1 45. b3 Ra1 46. Kg2 Rb1 47. Kf3 Rc1 48. Re2+ Kd7 49. Rd2+ Ke6 50. h5 Rc3+ 51. Kg2 gxh5 52. Re2+ Kd7 53. gxh5 Bg5 54. Rf2 Ke6 55. Kh3 Rc5 56. Kg4 Bh6 57. Bh4 Kd7 58. Rxf7+ Ke6 59. Rf6+ Kd7 60. Rxh6 Rc2 61. Rxa6 Rc1 62. Bg3 Rg1 63. h6 Rh1 64. h7 Rxh7 65. Ra7+ Kc6 66. Rxh7 Kb5 67. Rc7 Kb4 68. Rc4+ Ka3 69. b4 Kxa2 70. b5 Ka3 71. b6 Ka2 72. b7 Ka3 73. b8=Q Ka2 74. Ra4# 1-0


[Site "https://www.chess.com"]

[Event "Titled Tuesday Blitz March 01 Early 2022"]
[White "Chernomordik, Pavel"]
[Black "Svane, Frederik"]
[WhiteFideId "2804530"]
[BlackFideId "12923044"]
[WhiteElo "2249"]
[BlackElo "2459"]
[Result "0-1"]
[Round "01"]
[TimeControl "180+1"]
[Date "2022.03.01"]
[WhiteClock "0:00:03"]
[BlackClock "0:00:34"]

1. e4 c5 2. Nc3 d6 3. f4 Nc6 4. Nf3 g6 5. Bb5 Bd7 6. O-O a6 7. Bxc6 Bxc6 8. d4 cxd4 9. Qxd4 Nf6 10. Be3 Bg7 11. Rad1 O-O 12. Qd3 Qc7 13. h3 b5 14. a3 Qb7 15. Nd2 a5 16. b4 axb4 17. axb4 Ra3 18. Bd4 Rc8 19. Qe2 e5 20. fxe5 Nh5 21. Nf3 Ng3 22. Qf2 Nxf1 23. Rxf1 dxe5 24. Nxe5 Rxc3 25. Bxc3 Bxe4 26. Qd4 Bxg2 27. Rxf7 Qxf7 28. Nxf7 Bxd4+ 29. Bxd4 Kxf7 30. Kxg2 Rxc2+ 31. Kg3 Rc4 32. Be5 Rxb4 0-1


[Site "https://www.chess.com"]